 Dungeon Sprint DCSS version 0.28.0-45-g0d030f2227 (webtiles) character file.

Game seed: 2419834242278391445

4391 boopmooplesden the Fencer (level 10, -44/118 HPs)
             Began as a Minotaur Berserker on Apr 11, 2022.
             Was the Champion of Trog.
             Killed from afar by Dowan (49 damage)
             ... with a stone arrow
             ... in the Dungeon (Sprint III: "The Ten Rune Challenge").
             The game lasted 00:05:20 (1358 turns).

boopmooplesden the Fencer (Minotaur Berserker)      Turns: 1358, Time: 00:05:23

Health: -44/118    AC: 13    Str: 22    XL:     10   Next: 13%
Magic:  3/3        EV: 10    Int:  4    God:    Trog [******]
Gold:   1921       SH:  0    Dex: 14    Spells: 9/9 levels left

rFire   . . .      SeeInvis .   q - +4 great sword (antimagic)
rCold   . . .      Faith    .   (shield currently unavailable)
rNeg    . . .      Spirit   .   r - +0 plate armour
rPois   .          Reflect  .   (helmet restricted)
rElec   .          Harm     .   (no cloak)
rCorr   .          Rampage  .   (no gloves)
Will    .....      Rage     1%  (no boots)
Stlth   .......... NoTele   +   (no amulet)
HPRegen 0.29/turn               (no ring)
MPRegen 0.08/turn               (no ring)

@: on berserk cooldown, slowed, very slow
A: horns 2, retaliatory headbutt, claws 1, berserk 1, robust 1
a: Renounce Religion, Berserk, Trog's Hand, Brothers in Arms


You were in the Dungeon.
You worshipped Trog.
Trog was exalted by your worship.
You visited 1 branch You collected 1921 gold pieces.

Inventory:

Hand Weapons
 a - a +0 falchion
 o - a +2 long sword of holy wrath
 q - a +4 antimagic great sword (weapon)
Armour
 b - a +0 animal skin
 r - a +0 plate armour (worn)
Wands
 m - a wand of iceblast (7)
 s - a wand of paralysis (3)
Scrolls
 h - a scroll of blinking
 i - 3 scrolls of identify {unknown}
 k - 2 scrolls of torment {unknown}
Potions
 c - 2 potions of curing
 e - a potion of haste
 f - 2 potions of magic
 g - a potion of berserk rage
 j - 3 potions of mutation
 l - 4 potions of flight
 n - a potion of might
Miscellaneous
 p - a condenser vane


   Skills:
 + Level 16.3 Fighting
 + Level 18.8 Long Blades
 + Level 7.9 Armour
 + Level 10.6 Dodging
 + Level 2.9 Stealth
 + Level 1.0 Evocations


You had 9 spell levels left.
You didn't know any spells.
Your spell library was empty.

Dungeon Overview and Level Annotations

Branches:
Dungeon (1/1)

Altars:
Cheibriados
Dithmenos
Elyvilon
Fedhas
Gozag
Hepliaklqana
Kikubaaqudgha
Makhleb
Nemelex Xobeh
Okawaru
Qazlal
Ru
Sif Muna
Trog
Uskayaw
Vehumet
Wu Jian
Xom
Yredelemnul
Zin
The Shining One
Beogh
Jiyva
Lugonu

Shops:
D :

Annotations:
D Dowan


Innate Abilities, Weirdness & Mutations

You have a pair of horns on your head.
You reflexively headbutt those who attack you in melee.
You have sharp fingernails.
You tend to lose your temper in combat.
You are robust. (+10% HP)


Message History

You are no longer berserk.
You are exhausted.
You feel as though you will be slow longer.
Dowan hits you but does no damage. Space warps horribly around you!
You completely miss Dowan.
Dowan is lightly wounded.
Dowan's magic is no longer disrupted.
Dowan hits you with a +1 morningstar of distortion.
* * * LOW HITPOINT WARNING * * *
Space warps around you.
* * * LOW HITPOINT WARNING * * *
You miss Dowan.
Dowan is lightly wounded.
Dowan hits you but does no damage. Space warps around you.
* * * LOW HITPOINT WARNING * * *
Dowan hits you with a +1 morningstar of distortion.
* * * LOW HITPOINT WARNING * * *
Space warps around you.
* * * LOW HITPOINT WARNING * * *
You feel much better.
Dowan hits you with a +1 morningstar of distortion!
Dowan hits you but does no damage.
Your deep troll goes berserk!
Dowan hits you but does no damage. Space warps horribly around you!
* * * LOW HITPOINT WARNING * * *
Dowan hits you but does no damage.
Dowan hits you with a +1 morningstar of distortion.
* * * LOW HITPOINT WARNING * * *
Space warps horribly around you!!
* * * LOW HITPOINT WARNING * * *
Dowan barely misses you.
Dowan hits you with a +1 morningstar of distortion.
* * * LOW HITPOINT WARNING * * *
You swap places.
Your deep troll misses Dowan.
Your deep troll claws Dowan!!
Your deep troll barely misses Dowan.
Dowan hits your deep troll with a +1 morningstar of distortion!
Your deep troll blinks!
Dowan points at you and mumbles some strange words.
The stone arrow hits you!!!
You die...

##### ######..##
_#__###.#.###..+
)#)_#..)......##
##'##))).....##
....#))......##
....#)####∩...# ###'#).#
#.####
#...#'#####################
#...#.)..#.#.#.§@T.#..^...+
#...##.#..#.##e###)#^...^.#
#...'##.#.#.##.#.)##.^...^#
'...#.).#..#..##.)'^..^..§#
▓▓▓▓▓▓▓▓▓▓▓▓▓▓▓▓▓▓#)......#
#.......# +.^...^^#
#.e...e.# ##'######


You could see Dowan (fast, ally target) and a friendly deep troll (summoned,
berserk).

Vanquished Creatures
  Erolcha (D)
  An orc high priest (D)
  A deep elf pyromancer (D)
  An orc sorcerer (D)
  Duvessa (D)
  A shadow (D)
  2 redbacks (D)
  A spatial vortex (D)
  An orc warrior (D)
  A necrophage (D)
  5 two-headed ogres (D)
  A water elemental (D)
  A jelly (D)
  4 orc priests (D)
  A wizard (D)
  A necromancer (D)
  4 orc wizards (D)
  3 humans (D)
  A kobold demonologist (D)
  A phantom (D)
  7 orcs (D)
  4 rats (D)
44 creatures vanquished.

Notes
Turn   | Place    | Note
-------+----------+-------------------------------------------
     0 | D        | boopmooplesden the Minotaur Berserker began the quest for
                  | the Orb.
     0 | D        | Reached XP level 1. HP: 19/19 MP: 0/0
     5 | D        | Reached skill level 4 in Long Blades
    14 | D        | Reached ** piety under Trog
   134 | D        | Reached skill level 5 in Fighting
   134 | D        | Reached skill level 5 in Long Blades
   134 | D        | Reached XP level 2. HP: 29/29 MP: 1/1
   205 | D        | Gained mutation: You are robust. (+10% HP) [potion of
                  | mutation]
   205 | D        | Gained mutation: You tend to lose your temper in combat.
                  | [potion of mutation]
   205 | D        | Gained mutation: You have sharp fingernails. [potion of
                  | mutation]
   216 | D        | Noticed a water elemental
   219 | D        | Killed a water elemental
   219 | D        | Reached *** piety under Trog
   220 | D        | Reached skill level 7 in Long Blades
   220 | D        | Reached XP level 3. HP: 42/42 MP: 2/2
   220 | D        | Reached XP level 4. HP: 51/51 MP: 3/3
   358 | D        | Found a basalt altar of Yredelemnul.
   358 | D        | Found a shadowy altar of Dithmenos.
   358 | D        | Found a sacrificial altar of Ru.
   358 | D        | Noticed a necrophage
   360 | D        | Killed a necrophage
   361 | D        | Reached skill level 8 in Long Blades
   361 | D        | Reached XP level 5. HP: 61/61 MP: 4/4
   366 | D        | Reached skill level 9 in Long Blades
   366 | D        | Reached skill level 5 in Dodging
   601 | D        | Found a hide-covered altar of Uskayaw.
   601 | D        | Found an iron altar of Okawaru.
   602 | D        | Found a bloodstained altar of Trog.
   602 | D        | Found an ornate altar of the Wu Jian Council.
   602 | D        | Noticed a human
   602 | D        | Noticed a human
   610 | D        | Killed a human
   611 | D        | Reached skill level 10 in Fighting
   611 | D        | Reached skill level 10 in Long Blades
   611 | D        | Reached skill level 5 in Armour
   611 | D        | Reached XP level 6. HP: 72/72 MP: 5/5
   617 | D        | Killed a human
   617 | D        | Reached **** piety under Trog
   618 | D        | Reached skill level 11 in Long Blades
   675 | D        | Found a radiant altar of Vehumet.
   675 | D        | Found a shimmering blue altar of Sif Muna.
   675 | D        | Found an ancient bone altar of Kikubaaqudgha.
   687 | D        | Noticed a smoke demon
   719 | D        | Found a glowing silver altar of Zin.
   720 | D        | Found a glowing golden altar of the Shining One.
   720 | D        | Found a white marble altar of Elyvilon.
   720 | D        | Noticed a deep elf pyromancer
   723 | D        | Killed a deep elf pyromancer
   723 | D        | Reached ***** piety under Trog
   724 | D        | Reached skill level 13 in Long Blades
   724 | D        | Reached skill level 1 in Stealth
   724 | D        | Reached XP level 7. HP: 85/85 MP: 6/6
   739 | D        | Noticed a shadow
   743 | D        | Killed a shadow
   744 | D        | Reached XP level 8. HP: 56/93 MP: 7/7
   865 | D        | Found a blossoming altar of Fedhas.
   865 | D        | Found a stormy altar of Qazlal.
   865 | D        | Found a snail-covered altar of Cheibriados.
   865 | D        | Found a burning altar of Makhleb.
   865 | D        | Found a shimmering altar of Xom.
   866 | D        | Found a hazy altar of Hepliaklqana.
   866 | D        | Found an opulent altar of Gozag.
   866 | D        | Found a sparkling altar of Nemelex Xobeh.
   866 | D        | Found a corrupted altar of Lugonu.
   866 | D        | Found a viscous altar of Jiyva.
   876 | D        | Reached skill level 14 in Long Blades
   995 | D        | Received a gift from Trog
  1055 | D        | Noticed a two-headed ogre
  1062 | D        | Killed a two-headed ogre
  1063 | D        | Reached skill level 15 in Long Blades
  1099 | D        | Noticed an orc sorcerer
  1102 | D        | Killed an orc sorcerer
  1102 | D        | Received a gift from Trog
  1103 | D        | Reached XP level 9. HP: 105/105 MP: 2/8
  1115 | D        | Received a gift from Trog
  1119 | D        | Reached skill level 16 in Long Blades
  1119 | D        | Noticed an orc high priest
  1127 | D        | Noticed a sun demon
  1128 | D        | Reached ****** piety under Trog
  1131 | D        | Found Ilailew's Book Boutique.
  1134 | D        | Killed an orc high priest
  1135 | D        | Reached skill level 15 in Fighting
  1135 | D        | Reached skill level 17 in Long Blades
  1135 | D        | Reached skill level 10 in Dodging
  1257 | D        | Noticed a two-headed ogre
  1257 | D        | Noticed Erolcha
  1264 | D        | Killed Erolcha
  1264 | D        | Received a gift from Trog
  1269 | D        | Killed a two-headed ogre
  1270 | D        | Reached skill level 18 in Long Blades
  1276 | D        | Reached XP level 10. HP: 117/117 MP: 3/9
  1332 | D        | Noticed Dowan
  1332 | D        | Noticed Duvessa
  1347 | D        | Killed Duvessa
  1348 | D        | Reached skill level 1 in Evocations
  1357 | D        | HP: 5/118 [Dowan/+1 morningstar of distortion (2)]
  1358 | D        | Killed from afar by Dowan

Illustrated notes

Levels and vault maps discovered:
D:        dungeon_sprint_mu [sprint_mu_entry_forest, sprint_mu_temple_rooms,
          sprint_mu_d1_spiders, sprint_mu_d2_genie, sprint_mu_d3_branching,
          sprint_mu_orc_legion, sprint_mu_elf_gauntlet, sprint_mu_hive_nellie,
          sprint_mu_lair_fedhas, sprint_mu_vaults_butterflies,
          sprint_mu_slime_circle, sprint_mu_swamp_cave, sprint_mu_shoals_archi,
          sprint_mu_blade_basic, sprint_mu_crypt_fortress,
          sprint_mu_tomb_spiral, sprint_mu_vestibule_basic,
          sprint_mu_gehenna_hellfire, sprint_mu_dis_giant,
          sprint_mu_tartarus_statrot, sprint_mu_cocytus_islands, sprint_mu_zot1]

Skill      XL: |  1  2  3  4  5  6  7  8  9 10 |
---------------+-------------------------------+-----
Fighting       | 5 7 8 10 12 14 16 | 16.3
Long Blades    | 5 7 8 10 13 15 18 | 18.8
Armour         | 3 4 5 6 7 |  7.9
Dodging        | 3 4 6 7 8 9 10 | 10.6
Stealth        | 1 2 |  2.9
Evocations     | 1 |  1.0

Action                   |  1- 3 |  4- 6 |  7- 9 | 10-12 || total
-------------------------+-------+-------+-------+-------++-------
Melee: Falchion          |    15 |    30 |       |       ||    45
       Headbutt          |       |     6 |    10 |     1 ||    17
       Long sword        |       |       |    12 |       ||    12
       Great sword       |       |       |    41 |    13 ||    54
Invok: Berserk           |     2 |     4 |     4 |     1 ||    11
       Brothers in Arms  |       |       |       |     1 ||     1
Evoke: Condenser vane    |       |       |     2 |       ||     2
  Use: Potion            |     1 |       |       |     1 ||     2
Armor: Animal skin       |     2 |     1 |     1 |       ||     4
       Plate armour      |       |       |     1 |     9 ||    10
Dodge: Dodged            |     9 |    12 |    21 |     7 ||    49
